Workbook
Name ___INF1: #REF!
Name ___INF1: #REF!
Name ___INF1: #REF!
Name ___INF1: #REF!
Name ___INF1: #REF!
Name ___INF1: #REF!
Name __INF1: #REF!
Name __INF1: #REF!
Name __INF1: #REF!
Name __INF1: #REF!
Name __INF1: #REF!
Name _INF1: #REF!
Name _INF1: #REF!
Name _INF1: #REF!
Name _INF1: #REF!
Name _INF1: #REF!
Name _INF1: #REF!
Name AYUDA: [1]BASE!$D$12
Name AYUDR: [1]BASE!$D$13
Name cumplimiento: #REF!
Name cumplimiento: #REF!
Name cumplimiento: #REF!
Name cumplimiento: #REF!
Name cumplimiento: #REF!
Name cumplimiento: #REF!
Name cumplimiento: #REF!
Name decision: #REF!
Name decision: #REF!
Name decision: #REF!
Name decision: #REF!
Name decision: #REF!
Name decision: #REF!
Name dwd: #REF!
Name dwd: #REF!
Name dwd: #REF!
Name dwd: #REF!
Name eficiencia: '[2]Indicadores de Eficiencia'!$B$2
Name estado: #REF!
Name estado: #REF!
Name estado: #REF!
Name estado: #REF!
Name estado: #REF!
Name estado: #REF!
Name estado: #REF!
Name indicador: '[2]PR-04'!$S$1:$S$2
Name inf: #REF!
Name inf: #REF!
Name inf: #REF!
Name inf: #REF!
Name inf: #REF!
Name inf: #REF!
Name inf: #REF!
Name INSU: #REF!
Name INSU: #REF!
Name INSU: #REF!
Name INSU: #REF!
Name INSU: #REF!
Name INSU: #REF!
Name INSUMOS: #REF!
Name INSUMOS: #REF!

Sheet PRESUPUESTO
B1: DEPARTAMENTO DE ANTIOQUIA
B2: MUNICIPIO DE VENECIA
B3: SECRETARIA DE PLANEACIÓN Y OBRAS PUBLICAS
B5: CONSTRUCCIÓN DE OBRAS DE MITIGACIÓN - PROTECCION MUROS EN GAVIÓN Y RECINTE EN EL MUNICIPIO DE VENECIA – ANTIOQUIA | E5: PRESUPUESTO
A7: Actividad 1 Fla. Ballesteros | B7: ÍTEM | C7: DESCRIPCIÓN | D7: UND | E7: CANT. | F7: VR/UNIT. | G7: VR/TOTAL
B8: 1 | C8: Manejo de aguas superficiales y desvío de quebrada para asegurar un buen trabajo. | D8: Ml | E8: 5 | F8: ='MANEJO DE AGUAS'!I41 -> 226865 | G8: =ROUND((E8*F8),0) -> 1134325
B9: 2 | C9: Excavación manual en material heterogeneo bajo cualquier grado de humedad de 0-2 metros de profundidad. Incluye: roca descompuesta, bolas de roca de volúmen inferior a 0.35 m³, el cargue, transporte interno y externo. | D9: M3 | E9: 10 | F9: ='EXCAVACION MANUAL 0-2'!I38 -> 34666 | G9: =ROUND((E9*F9),0) -> 346660
B10: 3 | C10: Suministro, transporte y vaciado de concreto de 2000 PSI para solado E= 5 cms. | D10: M3 | E10: 0.5 | F10: ='CONCRETO 2000 PSI '!I39 -> 541005 | G10: =ROUND((E10*F10),0) -> 270503
B11: 4 | C11: Suministro, transporte y colocación de concreto ciclópeo de 21 Mpa para fundación, 60% concreto - 40% piedra. | D11: M3 | E11: 5 | F11: ='CONCRETO CICLOPEO'!I39 -> 586116 | G11: =ROUND((E11*F11),0) -> 2930580
B12: 5 | C12: Suministro, transporte, corte, figuración e instalación de ACERO DE REFUERZO FIGURADO FY= 420 Mpa-60000 PSI, corrugado. Incluye transporte con descarga, trasnporte interno, alambre de amarre y todos los elementos necesarios para su correcta instalación. | D12: Kg | E12: 50 | F12: 7850 | G12: =ROUND((E12*F12),0) -> 392500
B13: 6 | C13: Suministro, transporte e instalación de gavión triple torsión. Incluye tuberia sanitaria 2", malla y piedra, E=5", minimo. | D13: M3 | E13: 20 | F13: ='MURO EN GAVION'!H37 -> 388265 | G13: =ROUND((E13*F13),0) -> 7765300
B14: 7 | C14: Suministro e instalacion de concreto de 3000 PSI para recubrimiento de gavion, E=10 cm | D14: M3 | E14: 3.5 | F14: ='CONCRETO 3000 PSI'!H36 -> 662330 | G14: =ROUND((E14*F14),0) -> 2318155
B15: 8 | C15: Suministro, transporte e instalación de lleno con material de prestamo compactado al 95%, proctor modificado. | D15: M3 | E15: 80 | F15: =LLENO!I39 -> 75833 | G15: =ROUND((E15*F15),0) -> 6066640
B16: VALOR ACTIVIDAD | G16: =ROUND(SUM(G8:G15),0) -> 21224663
A18: Actividad 2 Los Leos | B18: ÍTEM | C18: DESCRIPCIÓN | D18: UND | E18: CANT. | F18: VR/UNIT. | G18: VR/TOTAL
B19: 1 | C19: Excavación manual en material heterogeneo bajo cualquier grado de humedad de 0-2 metros de profundidad. Incluye: roca descompuesta, bolas de roca de volúmen inferior a 0.35 m³, el cargue, transporte interno y externo. | D19: M3 | E19: 20 | F19: ='EXCAVACION MANUAL 0-2'!I38 -> 34666 | G19: =ROUND((E19*F19),0) -> 693320
B20: 2 | C20: Suministro, transporte y vaciado de concreto de 2000 PSI para solado E= 5 cms. | D20: M3 | E20: 1.5 | F20: ='CONCRETO 2000 PSI '!I39 -> 541005 | G20: =ROUND((E20*F20),0) -> 811508
B21: 3 | C21: Suministro, transporte e instalación de gavión triple torsión. Incluye tuberia sanitaria 2", malla y piedra, E=5", minimo. | D21: M3 | E21: 35 | F21: ='MURO EN GAVION'!H37 -> 388265 | G21: =ROUND((E21*F21),0) -> 13589275
B22: 4 | C22: Suministro e instalacion de concreto de 3000 PSI para recubrimiento de gavion, E=10 cm | D22: M3 | E22: 5.65 | F22: ='CONCRETO 3000 PSI'!H36 -> 662330 | G22: =ROUND((E22*F22),0) -> 3742165
B23: 5 | C23: Suministro, transporte e instalación de lleno con material de prestamo compactado al 95%, proctor modificado. | D23: M3 | E23: 8 | F23: =LLENO!I39 -> 75833 | G23: =ROUND((E23*F23),0) -> 606664
B24: VALOR ACTIVIDAD | G24: =ROUND(SUM(G19:G23),0) -> 19442932
A26: Actividad 3 Fla. Mejía | B26: ÍTEM | C26: DESCRIPCIÓN | D26: UND | E26: CANT. | F26: VR/UNIT. | G26: VR/TOTAL
B27: 1 | C27: Manejo de aguas superficiales y desvío de quebrada para asegurar un buen trabajo. | D27: Ml | E27: 15 | F27: ='MANEJO DE AGUAS'!I41 -> 226865 | G27: =ROUND((E27*F27),0) -> 3402975
B28: 2 | C28: Suministro, transporte y colocación de concreto ciclópeo de 21 Mpa para recinte de fundaciones, 60% concreto - 40% piedra. Incluye revestimiento. | D28: M3 | E28: 12 | F28: ='RECINTE EN CONCRETO CICLOPEO'!I39 -> 583606 | G28: =ROUND((E28*F28),0) -> 7003272
B29: 3 | C29: Demolición de losa maciza en concreto ciclopeo, con medios manuales, cargada manuela y botada de material resultante. | D29: M3 | E29: 2 | F29: =DEMOLICIÓN!I39 -> 224165 | G29: =ROUND((E29*F29),0) -> 448330
B30: VALOR ACTIVIDAD | G30: =ROUND(SUM(G27:G29),0) -> 10854577
B32: SUBTOTAL OBRA | G32: =ROUND(SUM(G16,G24,G30),0) -> 51522172
B34: ADMINISTRACIÓN 25,00% | G34: =ROUND((G32*0.25),0) -> 12880543
B36: UTILIDAD 5,00% | G36: =ROUND((G32*0.05),0) -> 2576109
B38: SUBTOTAL A.U | G38: =ROUND((SUM(G34:G36)),0) -> 15456652
B40: TOTAL OBRA | G40: =ROUND(G32+G38,0) -> 66978824
B48: ERVINSON ALFREDO VÁSQUEZ MORALES
B49: Secretario de Planeación y Obras Públicas

Sheet MANEJO DE AGUAS
B1: DEPARTAMENTO DE ANTIOQUIA MUNICIPIO DE VENECIA SECRETARIA DE PLANEACION Y OBRAS PUBLICAS
B3: =[8]PRESUPUESTO!B5 -> OBRAS DE MITIGACIÓN - PROTECCION MURO EN GAVIÓN - MUNICIPIO DE VENECIA - ANTIOQUIA | E3: ANÁLISIS DE PRECIOS UNITARIOS
B5: =PRESUPUESTO!C8 -> Manejo de aguas superficiales y desvío de quebrada para asegurar un buen trabajo. | H5: UNIDAD | I5: =PRESUPUESTO!D8 -> Ml
H6: CANTIDAD
B8: I. EQUIPO
B9: Descripción | E9: Tipo | F9: Tarifa/Hora | G9: Rendimiento | H9: Valor-Unit.
B10: HERRAMIENTA MENOR (5%MO) | H10: =+I38*0.05 -> 4023.75
B11: MOTOBOMBA | F11: 7700 | G11: 0.15 | H11: =F11/G11 -> 51333.333
H15: Sub-Total | I15: =SUM(H10:H14) -> 55357.083
B16: II. MATERIALES EN OBRA
B17: Descripción | E17: Unidad | F17: Precio-Unit. | G17: Cantidad | H17: Valor-Unit.
B18: SACO DE FIBRA | E18: UN | F18: 600 | G18: 8 | H18: =F18*G18 -> 4800
B19: TABLA EN MADERA COMÚN 0.25 x 2.50 MT | E19: UN | F19: 20000 | G19: 1 | H19: =F19*G19 -> 20000
B20: CONCRETO 210 Kg/Cm2 ó 3000 PSI. | E20: M3 | F20: ='CONCRETO 3000 PSI'!H36 -> 662330 | G20: 0.1 | H20: =F20*G20 -> 66233
H25: Sub-Total | I25: =SUM(H18:H24) -> 91033
B27: III. TRANSPORTES
B28: Material | D28: Vol. Peso ó Cant. | E28: Distancia | F28: M3-Km | G28: Tarifa | H28: Valor-Unit.
H32: Sub-Total | I32: =SUM(H29:H31) -> 0
B33: IV. MANO DE OBRA
B34: Trabajador | D34: Jornal | E34: Prestaciones | F34: Jornal Total | G34: Rendimiento | H34: Valor-Unit.
B35: OBREROS (2) | D35: =(1160000/26)*2 -> 89230.769 | E35: 1.85 | F35: =+E35*D35 -> 165076.92 | G35: 4 | H35: =+F35/G35 -> 41269.231
B36: OFICIAL | D36: =(1.9*1160000/26) -> 84769.231 | E36: 1.85 | F36: =+E36*D36 -> 156823.08 | G36: =+G35 -> 4 | H36: =+F36/G36 -> 39205.769
H38: Sub-Total | I38: =SUM(H35:H37) -> 80475
F41: Total Costo Directo | I41: =ROUND(I15+I25+I32+I38,0) -> 226865
B42: V. COSTOS INDIRECTOS
B43: Descripción | H43: Valor Total
B44: ADMINISTRACIÓN | G44: 0.25 | H44: =+G44*I41 -> 56716.25
B45: IMPREVISTOS
B46: UTILIDAD | G46: 0.05 | H46: =+G46*I41 -> 11343.25
H47: Sub-Total | I47: =ROUND((SUM(H44:H46)),0) -> 68060
E49: Precio unitario total aproximado al peso | I49: =ROUND((I41+I47),0) -> 294925
B57: ERVINSON ALFREDO VÁSQUEZ MORALES
B58: Secretario de Planeación y Obras Públicas

Sheet EXCAVACION MANUAL 0-2
B1: DEPARTAMENTO DE ANTIOQUIA MUNICIPIO DE VENECIA SECRETARIA DE PLANEACION Y OBRAS PUBLICAS
B3: =PRESUPUESTO!B5 -> CONSTRUCCIÓN DE OBRAS DE MITIGACIÓN - PROTECCION MUROS EN GAVIÓN Y RECINTE EN EL MUNICIPIO DE VENECIA – ANTIOQUIA | E3: ANÁLISIS DE PRECIOS UNITARIOS
B5: =PRESUPUESTO!C9 -> Excavación manual en material heterogeneo bajo cualquier grado de humedad de 0-2 metros de profundidad. Incluye: roca descompuesta, bolas de roca de volúmen inferior a 0.35 m³, el cargue, transporte interno y externo. | H5: UNIDAD | I5: =PRESUPUESTO!D9 -> M3
H6: CANTIDAD
B8: I. EQUIPO
B9: Descripción | E9: Tipo | F9: Tarifa/Hora | G9: Rendimiento | H9: Valor-Unit.
B10: Herramienta Menor (5%MO) | H10: =+I37*0.05 -> 1650.7692
H15: Sub-Total | I15: =SUM(H10:H14) -> 1650.7692
B16: II. MATERIALES EN OBRA
B17: Descripción | E17: Unidad | F17: Precio-Unit. | G17: Cantidad | H17: Valor-Unit.
H25: Sub-Total | I25: =SUM(H18:H24) -> 0
B26: III. TRANSPORTES
B27: Material | D27: Vol. Peso ó Cant. | E27: Distancia | F27: M3-Km | G27: Tarifa | H27: Valor-Unit.
H31: Sub-Total | I31: =SUM(H28:H30) -> 0
B32: IV. MANO DE OBRA
B33: Trabajador | D33: Jornal | E33: Prestaciones | F33: Jornal Total | G33: Rendimiento | H33: Valor-Unit.
B34: OBREROS (2) | D34: =(1160000/26)*2 -> 89230.769 | E34: 1.85 | F34: =+E34*D34 -> 165076.92 | G34: 5 | H34: =+F34/G34 -> 33015.385
H37: Sub-Total | I37: =SUM(H34:H36) -> 33015.385
F38: Total Costo Directo | I38: =ROUND(I15+I25+I31+I37,0) -> 34666
B39: V. COSTOS INDIRECTOS
B40: Descripción | H40: Valor Total
B41: ADMINISTRACIÓN | G41: 0.25 | H41: =+G41*I38 -> 8666.5
B42: IMPREVISTOS
B43: UTILIDAD | G43: 0.05 | H43: =+G43*I38 -> 1733.3
H44: Sub-Total | I44: =ROUND((SUM(H41:H43)),0) -> 10400
E46: Precio unitario total aproximado al peso | I46: =ROUND((I38+I44),0) -> 45066
B54: ERVINSON ALFREDO VÁSQUEZ MORALES
B55: Secretario de Planeación y Obras Públicas

Sheet CONCRETO 2000 PSI 
B1: DEPARTAMENTO DE ANTIOQUIA MUNICIPIO DE VENECIA SECRETARIA DE PLANEACION Y OBRAS PUBLICAS
B3: =PRESUPUESTO!B5 -> CONSTRUCCIÓN DE OBRAS DE MITIGACIÓN - PROTECCION MUROS EN GAVIÓN Y RECINTE EN EL MUNICIPIO DE VENECIA – ANTIOQUIA | E3: ANÁLISIS DE PRECIOS UNITARIOS
H4: ITEM | I4: BASE
B5: =PRESUPUESTO!C10 -> Suministro, transporte y vaciado de concreto de 2000 PSI para solado E= 5 cms. | H5: UNIDAD | I5: m3
H6: CANTIDAD
B8: I. EQUIPO
B9: Descripción | E9: Tipo | F9: Tarifa/Hora | G9: Rendimiento | H9: Valor-Unit.
B10: Concretadora | F10: 60000 | G10: 1 | H10: =F10*G10 -> 60000
B11: Herramienta Menor (5%MO) | H11: =+I37*0.05 -> 5841.8889
H13: Sub-Total | I13: =SUM(H10:H12) -> 65841.889
B14: II. MATERIALES EN OBRA
B15: Descripción | E15: Unidad | F15: Precio-Unit. | G15: Cantidad | H15: Valor-Unit.
B16: Cemento | E16: saco | F16: 35000 | G16: 5.2 | H16: =G16*F16 -> 182000
B17: Triturado 3/4" | E17: m3 | F17: 95000 | G17: 0.85 | H17: =G17*F17 -> 80750
B18: Arena para concreto | E18: m3 | F18: 100000 | G18: 0.63 | H18: =G18*F18 -> 63000
B19: Desperdicio | H19: =(SUM(H16:H18))*0.1 -> 32575
H20: Sub-Total | I20: =SUM(H16:H19) -> 358325
B24: III. TRANSPORTES
B25: Material | D25: Vol. Peso ó Cant. | E25: Distancia | F25: M3-Km | G25: Tarifa | H25: Valor-Unit.
H29: Sub-Total | I29: =SUM(H26:H28) -> 0
B30: IV. MANO DE OBRA
B31: Trabajador | D31: Jornal | E31: Prestaciones | F31: Jornal Total | G31: Rendimiento | H31: Valor-Unit.
B32: AYUDANTE (3) | D32: =(1160000/30)*3 -> 116000 | E32: 1.85 | F32: =D32*E32 -> 214600 | G32: 3 | H32: =+F32/G32 -> 71533.333
B33: OFICIAL | D33: =(1.9*1160000/30) -> 73466.667 | E33: 1.85 | F33: =D33*E33 -> 135913.33 | G33: =+G32 -> 3 | H33: =+F33/G33 -> 45304.444
H37: Sub-Total | I37: =SUM(H32:H36) -> 116837.78
F39: Total Costo Directo | I39: =ROUND(I13+I20+I29+I37,0) -> 541005
B40: V. COSTOS INDIRECTOS
B41: Descripción | H41: Valor Total
B42: ADMINISTRACIÓN | G42: 0.25 | H42: =+G42*I39 -> 135251.25
B43: IMPREVISTOS
B44: UTILIDAD | G44: 0.05 | H44: =+G44*I39 -> 27050.25
H45: Sub-Total | I45: =ROUND((SUM(H42:H44)),0) -> 162302
E47: Precio unitario total aproximado al peso | I47: =ROUND((I39+I45),0) -> 703307
B57: ERVINSON ALFREDO VÁSQUEZ MORALES
B58: Secretario de Planeación y Obras Públicas

Sheet CONCRETO CICLOPEO
B1: DEPARTAMENTO DE ANTIOQUIA MUNICIPIO DE VENECIA SECRETARIA DE PLANEACION Y OBRAS PUBLICAS
B3: =[8]PRESUPUESTO!B5 -> OBRAS DE MITIGACIÓN - PROTECCION MURO EN GAVIÓN - MUNICIPIO DE VENECIA - ANTIOQUIA | E3: ANÁLISIS DE PRECIOS UNITARIOS
B5: =PRESUPUESTO!C11 -> Suministro, transporte y colocación de concreto ciclópeo de 21 Mpa para fundación, 60% concreto - 40% piedra. | H5: UNIDAD | I5: =PRESUPUESTO!D11 -> M3
H6: CANTIDAD
B8: I. EQUIPO
B9: Descripción | E9: Tipo | F9: Tarifa/Hora | G9: Rendimiento | H9: Valor-Unit.
B10: MEZCLADORA DE CONCRETO | F10: =60000/8 -> 7500 | G10: 1 | H10: =F10*G10 -> 7500
B11: HERRAMIENTA MENOR (5%MO) | H11: =+I37*0.05 -> 4044.3846
H14: Sub-Total | I14: =SUM(H10:H13) -> 11544.385
B15: II. MATERIALES EN OBRA
B16: Descripción | E16: Unidad | F16: Precio-Unit. | G16: Cantidad | H16: Valor-Unit.
B17: CONCRETO 210 Kg/Cm2 ó 3000 PSI. | E17: M3 | F17: ='CONCRETO 3000 PSI'!H36 -> 662330 | G17: 0.6 | H17: =+F17*G17 -> 397398
B18: PIEDRA | E18: M3 | F18: 120000 | G18: 0.4 | H18: =F18*G18 -> 48000
B19: FORMALETA | E19: Gbl | F19: 17500 | G19: 1 | H19: =+G19*F19 -> 17500
B20: DESPERDICIO (2%) | H20: =SUM(H17:H19)*0.02 -> 9257.96
H25: Sub-Total | I25: =SUM(H17:H24) -> 472155.96
B26: III. TRANSPORTES
B27: Material | D27: Vol. Peso ó Cant. | E27: Distancia | F27: M3-Km | G27: Tarifa | H27: Valor-Unit.
B28: PIEDRA | D28: =0.4*1.3 -> 0.52 | E28: 32 | F28: =D28*E28 -> 16.64 | G28: 1050 | H28: =+G28*F28 -> 17472
B29: Acarreo interno piedra | H29: 4056
H31: Sub-Total | I31: =SUM(H28:H30) -> 21528
B32: IV. MANO DE OBRA
B33: Trabajador | D33: Jornal | E33: Prestaciones | F33: Jornal Total | G33: Rendimiento | H33: Valor-Unit.
B34: OBREROS (3) | D34: =(1160000/26)*3 -> 133846.15 | E34: 1.85 | F34: =+E34*D34 -> 247615.38 | G34: 5 | H34: =+F34/G34 -> 49523.077
B35: OFICIAL | D35: =(1.9*1160000/26) -> 84769.231 | E35: 1.85 | F35: =+E35*D35 -> 156823.08 | G35: 5 | H35: =+F35/G35 -> 31364.615
H37: Sub-Total | I37: =SUM(H34:H36) -> 80887.692
F39: Total Costo Directo | I39: =ROUND(I14+I25+I31+I37,0) -> 586116
B40: V. COSTOS INDIRECTOS
B41: Descripción | H41: Valor Total
B42: ADMINISTRACIÓN | G42: 0.25 | H42: =+G42*I39 -> 146529
B43: IMPREVISTOS | H43: =+G43*I39 -> 0
B44: UTILIDAD | G44: 0.05 | H44: =+G44*I39 -> 29305.8
H45: Sub-Total | I45: =ROUND((SUM(H42:H44)),0) -> 175835
E47: Precio unitario total aproximado al peso | I47: =ROUND((I39+I45),0) -> 761951
B57: ERVINSON ALFREDO VÁSQUEZ MORALES
B58: Secretario de Planeación y Obras Públicas

Sheet MURO EN GAVION
A1: DEPARTAMENTO DE ANTIOQUIA MUNICIPIO DE VENECIA SECRETARIA DE PLANEACION Y OBRAS PUBLICAS
A3: =PRESUPUESTO!B5 -> CONSTRUCCIÓN DE OBRAS DE MITIGACIÓN - PROTECCION MUROS EN GAVIÓN Y RECINTE EN EL MUNICIPIO DE VENECIA – ANTIOQUIA | D3: ANÁLISIS DE PRECIOS UNITARIOS
G4: ITEM | H4: BASE
A5: =PRESUPUESTO!C13 -> Suministro, transporte e instalación de gavión triple torsión. Incluye tuberia sanitaria 2", malla y piedra, E=5", minimo. | G5: UNIDAD | H5: m3
G6: CANTIDAD
A8: I. EQUIPO
A9: Descripción | D9: Tipo | E9: Tarifa/Hora | F9: Rendimiento | G9: Valor-Unit.
A10: Herraimienta menor (5%MO) | G10: =+H35*0.05 -> 4869.7692
G13: Sub-Total | H13: =SUM(G10:G12) -> 4869.7692
A14: II. MATERIALES EN OBRA
A15: Descripción | D15: Unidad | E15: Precio-Unit. | F15: Cantidad | G15: Valor-Unit.
A16: Piedra de gavion | D16: m3 | E16: 120000 | F16: 1.05 | G16: =F16*E16 -> 126000
A17: Formaleta | D17: Gl | E17: 12000 | F17: 1 | G17: =F17*E17 -> 12000
A18: Malla para gavion Calibre 13 | D18: m3 | E18: 130000 | F18: 1 | G18: =F18*E18 -> 130000
A19: Tuberia sanitaria 2" | D19: ml | E19: 12000 | F19: 1 | G19: =F19*E19 -> 12000
G21: Sub-Total | H21: =SUM(G16:G20) -> 280000
A22: III. TRANSPORTES
A23: Material | C23: Vol. Peso ó Cant. | D23: Distancia | E23: M3-Km | F23: Tarifa | G23: Valor-Unit.
A24: Interno | C24: 1 | F24: 6000 | G24: =F24 -> 6000
G27: Sub-Total | H27: =SUM(G24:G26) -> 6000
A28: IV. MANO DE OBRA
A29: Trabajador | C29: Jornal | D29: Prestaciones | E29: Jornal Total | F29: Rendimiento | G29: Valor-Unit.
A30: AYUDANTE (4) | C30: =(1160000/26)*4 -> 178461.54 | D30: 1.85 | E30: =C30*D30 -> 330153.85 | F30: 5 | G30: =+E30/F30 -> 66030.769
A31: OFICIAL | C31: =(1.9*1160000/26) -> 84769.231 | D31: 1.85 | E31: =C31*D31 -> 156823.08 | F31: 5 | G31: =+E31/F31 -> 31364.615
G35: Sub-Total | H35: =SUM(G30:G34) -> 97395.385
E37: Total Costo Directo | H37: =ROUND(H13+H21+H27+H35,0) -> 388265
A38: V. COSTOS INDIRECTOS
A39: Descripción | G39: Valor Total
A40: ADMINISTRACIÓN | F40: 0.25 | G40: =+F40*H37 -> 97066.25
A41: IMPREVISTOS | G41: =+F41*H37 -> 0
A42: UTILIDAD | F42: 0.05 | G42: =+F42*H37 -> 19413.25
G43: Sub-Total | H43: =ROUND((SUM(G40:G42)),0) -> 116480
D45: Precio unitario total aproximado al peso | H45: =ROUND((H37+H43),0) -> 504745
A55: ERVINSON ALFREDO VÁSQUEZ MORALES
A56: Secretario de Planeación y Obras Públicas

Sheet CONCRETO 3000 PSI
A1: DEPARTAMENTO DE ANTIOQUIA MUNICIPIO DE VENECIA SECRETARIA DE PLANEACION Y OBRAS PUBLICAS
A3: =PRESUPUESTO!B5 -> CONSTRUCCIÓN DE OBRAS DE MITIGACIÓN - PROTECCION MUROS EN GAVIÓN Y RECINTE EN EL MUNICIPIO DE VENECIA – ANTIOQUIA | D3: ANÁLISIS DE PRECIOS UNITARIOS
G4: ITEM | H4: BASE
A5: Concreto 3000 PSI | G5: UNIDAD | H5: m3
G6: CANTIDAD
A8: I. EQUIPO
A9: Descripción | D9: Tipo | E9: Tarifa/Hora | F9: Rendimiento | G9: Valor-Unit.
A10: Concretadora | E10: 60000 | F10: 1 | G10: =E10*F10 -> 60000
A11: Vibdrador de Concreto | E11: 8000 | F11: 1 | G11: =E11*F11 -> 8000
A12: Herramienta Menor (5%MO) | G12: =+H34*0.05 -> 7388.3347
G13: Sub-Total | H13: =SUM(G10:G12) -> 75388.335
A14: II. MATERIALES EN OBRA
A15: Descripción | D15: Unidad | E15: Precio-Unit. | F15: Cantidad | G15: Valor-Unit.
A16: Cemento | D16: saco | E16: 35000 | F16: 7.5 | G16: =F16*E16 -> 262500
A17: Triturado 3/4" | D17: m3 | E17: 95000 | F17: 0.85 | G17: =F17*E17 -> 80750
A18: Arena para concreto | D18: m3 | E18: 100000 | F18: 0.56 | G18: =F18*E18 -> 56000
A19: Desperdicio | G19: =(SUM(G16:G18))*0.1 -> 39925
G20: Sub-Total | H20: =SUM(G16:G19) -> 439175
A21: III. TRANSPORTES
A22: Material | C22: Vol. Peso ó Cant. | D22: Distancia | E22: M3-Km | F22: Tarifa | G22: Valor-Unit.
G26: Sub-Total | H26: =SUM(G23:G25) -> 0
A27: IV. MANO DE OBRA
A28: Trabajador | C28: Jornal | D28: Prestaciones | E28: Jornal Total | F28: Rendimiento | G28: Valor-Unit.
A29: AYUDANTE (3) | C29: =55385*3 -> 166155 | D29: 1.85 | E29: =C29*D29 -> 307386.75 | F29: 3 | G29: =+E29/F29 -> 102462.25
A30: OFICIAL | C30: =(1.9*1160000/30) -> 73466.667 | D30: =+D29 -> 1.85 | E30: =C30*D30 -> 135913.33 | F30: 3 | G30: =+E30/F30 -> 45304.444
G34: Sub-Total | H34: =SUM(G29:G33) -> 147766.69
E36: Total Costo Directo | H36: =ROUND(H13+H20+H26+H34,0) -> 662330
A37: V. COSTOS INDIRECTOS
A38: Descripción | G38: Valor Total
A39: ADMINISTRACIÓN | F39: 0.25 | G39: =+F39*H36 -> 165582.5
A40: IMPREVISTOS
A41: UTILIDAD | F41: 0.05 | G41: =+F41*H36 -> 33116.5
G42: Sub-Total | H42: =ROUND((SUM(G39:G41)),0) -> 198699
D44: Precio unitario total aproximado al peso | H44: =ROUND((H36+H42),0) -> 861029
A54: ERVINSON ALFREDO VÁSQUEZ MORALES
A55: Secretario de Planeación y Obras Públicas

Sheet LLENO
B1: DEPARTAMENTO DE ANTIOQUIA MUNICIPIO DE VENECIA SECRETARIA DE PLANEACION Y OBRAS PUBLICAS
B3: =PRESUPUESTO!B5 -> CONSTRUCCIÓN DE OBRAS DE MITIGACIÓN - PROTECCION MUROS EN GAVIÓN Y RECINTE EN EL MUNICIPIO DE VENECIA – ANTIOQUIA | E3: ANÁLISIS DE PRECIOS UNITARIOS
B5: =PRESUPUESTO!C15 -> Suministro, transporte e instalación de lleno con material de prestamo compactado al 95%, proctor modificado. | H5: UNIDAD | I5: =PRESUPUESTO!D9 -> M3
H6: CANTIDAD
B8: I. EQUIPO
B9: Descripción | E9: Tipo | F9: Tarifa/Hora | G9: Rendimiento | H9: Valor-Unit.
B10: Herramienta Menor (5%MO) | H10: =+I37*0.05 -> 2063.4615
B11: Compactador Tipo Canguro | F11: 5000 | G11: 0.5 | H11: =F11*G11 -> 2500
H15: Sub-Total | I15: =SUM(H10:H14) -> 4563.4615
B16: II. MATERIALES EN OBRA
B17: Descripción | E17: Unidad | F17: Precio-Unit. | G17: Cantidad | H17: Valor-Unit.
B18: Tierra de Préstamo | E18: m3 | F18: 30000 | G18: 1 | H18: =F18*G18 -> 30000
H25: Sub-Total | I25: =ROUND((F18*G18),0) -> 30000
B26: III. TRANSPORTES
B27: Material | D27: Vol. Peso ó Cant. | E27: Distancia | F27: M3-Km | G27: Tarifa | H27: Valor-Unit.
H31: Sub-Total | I31: =SUM(H28:H30) -> 0
B32: IV. MANO DE OBRA
B33: Trabajador | D33: Jornal | E33: Prestaciones | F33: Jornal Total | G33: Rendimiento | H33: Valor-Unit.
B34: AYUDANTE (2) | D34: =(1160000/26)*2 -> 89230.769 | E34: 1.85 | F34: =+E34*D34 -> 165076.92 | G34: 4 | H34: =+F34/G34 -> 41269.231
H37: Sub-Total | I37: =SUM(H34:H36) -> 41269.231
F39: Total Costo Directo | I39: =ROUND(I15+I25+I31+I37,0) -> 75833
B40: V. COSTOS INDIRECTOS
B41: Descripción | H41: Valor Total
B42: ADMINISTRACIÓN | G42: 0.25 | H42: =+G42*I39 -> 18958.25
B43: IMPREVISTOS
B44: UTILIDAD | G44: 0.05 | H44: =+G44*I39 -> 3791.65
H45: Sub-Total | I45: =ROUND((SUM(H42:H44)),0) -> 22750
E47: Precio unitario total aproximado al peso | I47: =ROUND((I39+I45),0) -> 98583
B55: ERVINSON ALFREDO VÁSQUEZ MORALES
B56: Secretario de Planeación y Obras Públicas

Sheet RECINTE EN CONCRETO CICLOPEO
B1: DEPARTAMENTO DE ANTIOQUIA MUNICIPIO DE VENECIA SECRETARIA DE PLANEACION Y OBRAS PUBLICAS
B3: =[9]PRESUPUESTO!B5 -> OBRAS DE MITIGACIÓN INVERNAL - PROTECCION MURO EN LA QUEBRADA GALAPAGO - MUNICIPIO DE VENECIA - ANTIOQUIA | E3: ANÁLISIS DE PRECIOS UNITARIOS
B5: =PRESUPUESTO!C29 -> Demolición de losa maciza en concreto ciclopeo, con medios manuales, cargada manuela y botada de material resultante. | H5: UNIDAD | I5: =PRESUPUESTO!D28 -> M3
H6: CANTIDAD
B8: I. EQUIPO
B9: Descripción | E9: Tipo | F9: Tarifa/Hora | G9: Rendimiento | H9: Valor-Unit.
B10: MEZCLADORA DE CONCRETO | F10: 7500 | G10: 1 | H10: =+F10/G10 -> 7500
B11: HERRAMIENTA MENOR (5%MO) | H11: =+I37*0.05 -> 3576.6235
H14: Sub-Total | I14: =SUM(H10:H13) -> 11076.623
B15: II. MATERIALES EN OBRA
B16: Descripción | E16: Unidad | F16: Precio-Unit. | G16: Cantidad | H16: Valor-Unit.
B17: CONCRETO 210 Kg/Cm2 ó 3000 PSI. | E17: M3 | F17: ='[9]CONCRETO 3000 PSI'!H36 -> 577954 | G17: 0.7 | H17: =+F17*G17 -> 404567.8
B18: PIEDRA | E18: M3 | F18: 120000 | G18: 0.4 | H18: =+F18*G18 -> 48000
B19: FORMALETA | E19: Gbl | F19: 17500 | G19: 1 | H19: =+G19*F19 -> 17500
B20: DESPERDICIO (2%) | H20: =SUM(H17:H19)*0.02 -> 9401.356
H25: Sub-Total | I25: =SUM(H17:H24) -> 479469.16
B26: III. TRANSPORTES
B27: Material | D27: Vol. Peso ó Cant. | E27: Distancia | F27: M3-Km | G27: Tarifa | H27: Valor-Unit.
B28: PIEDRA | D28: =0.4*1.3 -> 0.52 | E28: 32 | F28: =D28*E28 -> 16.64 | G28: 1050 | H28: =+G28*F28 -> 17472
B29: Acarreo interno piedra | H29: 4056
H31: Sub-Total | I31: =SUM(H28:H30) -> 21528
B32: IV. MANO DE OBRA
B33: Trabajador | D33: Jornal | E33: Prestaciones | F33: Jornal Total | G33: Rendimiento | H33: Valor-Unit.
B34: OBREROS (3) | D34: =38666*3 -> 115998 | E34: 1.85 | F34: =+E34*D34 -> 214596.3 | G34: 5 | H34: =+F34/G34 -> 42919.26
B35: OFICIAL | D35: 77333 | E35: 1.85 | F35: =+E35*D35 -> 143066.05 | G35: 5 | H35: =+F35/G35 -> 28613.21
H37: Sub-Total | I37: =SUM(H34:H36) -> 71532.47
F39: Total Costo Directo | I39: =ROUND(I14+I25+I31+I37,0) -> 583606
B40: V. COSTOS INDIRECTOS
B41: Descripción | H41: Valor Total
B42: ADMINISTRACIÓN | G42: 0.25 | H42: =+G42*I39 -> 145901.5
B43: IMPREVISTOS | H43: =+G43*I39 -> 0
B44: UTILIDAD | G44: 0.05 | H44: =+G44*I39 -> 29180.3
H45: Sub-Total | I45: =ROUND((SUM(H42:H44)),0) -> 175082
E47: Precio unitario total aproximado al peso | I47: =ROUND((I39+I45),0) -> 758688
B57: ERVINSON ALFREDO VÁSQUEZ MORALES
B58: Secretario de Planeación y Obras Públicas

Sheet DEMOLICIÓN
B1: DEPARTAMENTO DE ANTIOQUIA MUNICIPIO DE VENECIA SECRETARIA DE PLANEACION Y OBRAS PUBLICAS
B3: =[10]PRESUPUESTO!B5 -> OBRAS DE MITIGACIÓN - PROTECCION MURO EN GAVIÓN - MUNICIPIO DE VENECIA - ANTIOQUIA | E3: ANÁLISIS DE PRECIOS UNITARIOS
B5: =PRESUPUESTO!C29 -> Demolición de losa maciza en concreto ciclopeo, con medios manuales, cargada manuela y botada de material resultante. | H5: UNIDAD | I5: =PRESUPUESTO!D29 -> M3
H6: CANTIDAD
B8: I. EQUIPO
B9: Descripción | E9: Tipo | F9: Tarifa/Hora | G9: Rendimiento | H9: Valor-Unit.
B10: Herramienta Menor (5%MO) | H10: =+I37*0.05 -> 4126.9231
B11: Compresor Neumatico Portatil, con martillo | F11: 93500 | G11: 0.4 | H11: =F11*G11 -> 37400
H15: Sub-Total | I15: =SUM(H10:H14) -> 41526.923
B16: II. MATERIALES EN OBRA
B17: Descripción | E17: Unidad | F17: Precio-Unit. | G17: Cantidad | H17: Valor-Unit.
H25: Sub-Total | I25: =ROUND((F18*G18),0) -> 0
B26: III. TRANSPORTES
B27: Material | D27: Vol. Peso ó Cant. | E27: Distancia | F27: M3-Km | G27: Tarifa | H27: Valor-Unit.
B28: Demolición | D28: 1 | E28: 22 | F28: 4550 | G28: =E28*F28 -> 100100 | H28: =G28 -> 100100
H31: Sub-Total | I31: =SUM(H28:H30) -> 100100
B32: IV. MANO DE OBRA
B33: Trabajador | D33: Jornal | E33: Prestaciones | F33: Jornal Total | G33: Rendimiento | H33: Valor-Unit.
B34: AYUDANTE (2) | D34: =(1160000/26)*2 -> 89230.769 | E34: 1.85 | F34: =+E34*D34 -> 165076.92 | G34: 2 | H34: =+F34/G34 -> 82538.462
H37: Sub-Total | I37: =SUM(H34:H36) -> 82538.462
F39: Total Costo Directo | I39: =ROUND(I15+I25+I31+I37,0) -> 224165
B40: V. COSTOS INDIRECTOS
B41: Descripción | H41: Valor Total
B42: ADMINISTRACIÓN | G42: 0.25 | H42: =+G42*I39 -> 56041.25
B43: IMPREVISTOS
B44: UTILIDAD | G44: 0.05 | H44: =+G44*I39 -> 11208.25
H45: Sub-Total | I45: =ROUND((SUM(H42:H44)),0) -> 67250
E47: Precio unitario total aproximado al peso | I47: =ROUND((I39+I45),0) -> 291415
B55: ERVINSON ALFREDO VÁSQUEZ MORALES
B56: Secretario de Planeación y Obras Públicas
